 Dungeon Crawl Stone Soup version 0.26-a0-1161-g0398aca569 (webtiles) character file.

Game seed: 8917261784730824209

268 Perttuleena the Covert (level 6, 0/35 HPs)
             Began as a Vampire Brigand on Dec 27, 2020.
             Slain by a lemure (7 damage)
             ... led by Pikel
             ... on level 4 of the Dungeon.
             The game lasted 00:04:52 (2519 turns).

Perttuleena the Covert (Vampire Brigand)            Turns: 2519, Time: 00:04:53

Health: 0/35       AC:  5    Str: 11    XL:     6   Next: 0%
Magic:  6/6        EV: 13    Int: 13    God:
Gold:   115        SH:  0    Dex: 17    Spells: 5/5 levels left

rFire    . . .     SeeInvis +   a - +3 dagger
rCold    + + .     Faith    .   (no shield)
rNeg     + + +     Spirit   .   b - +0 robe
rPois    ∞         Reflect  .   i - +1 hat
rElec    .         Harm     .   c - +0 cloak
rCorr    .         Rampage  .   j - +0 pair of gloves
Will     .....                  (no boots)
Stlth    ++++++....             (no amulet)
HPRegen  0.00/turn              (no ring)
MPRegen  0.10/turn              (no ring)

@: bloodless
A: fangs 3, see invisible, unbreathing
a: Bat Form, Revivify


You were on level 4 of the Dungeon.
You visited 1 branch of the dungeon, and saw 4 of its levels.

You collected 115 gold pieces.

Inventory:

Hand Weapons
 a - a +3 dagger (weapon)
Missiles
 d - 25 poisoned darts (quivered)
 e - 2 curare-tipped darts
Armour
 b - a +0 robe (worn)
 c - a +0 cloak (worn)
 i - a +1 hat (worn)
 j - a +0 pair of gloves (worn)
Scrolls
 g - 2 scrolls of remove curse
 h - a scroll of fog
 n - a scroll of magic mapping
 o - a scroll of enchant weapon
 p - 2 scrolls of identify
 s - a scroll of teleportation
 t - a scroll of blinking
Potions
 f - a potion of might
 k - a potion of resistance
 l - 2 potions of heal wounds
 m - a potion of haste
 q - a potion of curing
 r - a potion of flight


   Skills:
 + Level 2.2 Fighting
 + Level 3.9 Short Blades
 + Level 1.6 Throwing
 + Level 2.8 Dodging
 + Level 8.9 Stealth


You had 5 spell levels left.
You didn't know any spells.
Your spell library contained the following spells:

 Spells                   Type           Power        Failure   Level
 Magic Dart               Conj           0%           30%         1
 Searing Ray              Conj           0%           43%         2
 Dazzling Flash           Conj/Hex       0%           67%         3
 Fulminant Prism          Conj/Hex       0%           97%         4
 Iskenderun's Mystic Bla  Conj/Tloc      0%           97%         4


Dungeon Overview and Level Annotations

Branches:
Dungeon (4/15)
 Temple: D:4-7

Altars:

Annotations:
D:4 Pikel


Innate Abilities, Weirdness & Mutations

You do not regenerate when monsters are visible.
You are frail without blood (-20% HP).
You can heal yourself when you bite living creatures.
You are immune to poison.
You have razor-sharp teeth.
You have supernaturally acute eyesight. (SInv)
You can survive without breathing.


Message History

The lemure completely misses you.
You hit the lemure.
The lemure is moderately wounded.
The lemure barely misses you.
You hit the lemure but do no damage.
The lemure is moderately wounded.
The lemure closely misses you.
You hit the lemure but do no damage.
The lemure is moderately wounded.
You closely miss the lemure.
The lemure is moderately wounded.
The lemure closely misses you.
You barely miss the lemure. You bite the lemure.
The lemure is moderately wounded.
The lemure hits you.
* * * LOW HITPOINT WARNING * * *
You hit the lemure but do no damage.
The lemure is moderately wounded.
The lemure hits you!
You die...

........#
#..........†<#
........#
###....####...#
........###
##...######.#
..........#
#.........#.#
..K...###.#
##.###.......#
?.....###.######..#
#.....###
5.......5.....##..#
#.)...#
.5....###.###.#...#
#.....# ....
#..##.5@.## #.....#
( ##..#.#..#
#.....# ##...#..#
#.....# ##.......#
#...#...# ...##...#
#..!. ....#
#.K###..... .... .


You could see Pikel and a lemure.

Vanquished Creatures
  An ogre (D:4)
  An orc wizard (D:3)
  7 adders
  2 oozes
  2 worms
  2 dart slugs
  4 leopard geckos (D:3)
  4 orcs (D:3)
  A ball python (D:3)
  A giant cockroach (D:3)
  11 goblins
  9 hobgoblins
  3 jackals
  2 kobolds
  A quokka (D:2)
  5 bats
  4 frilled lizards
  9 rats
69 creatures vanquished.

Notes
Turn   | Place    | Note
-------+----------+-------------------------------------------
     0 | D:1      | Perttuleena the Vampire Brigand began the quest for the
                  | Orb.
     0 | D:1      | Reached XP level 1. HP: 16/16 MP: 1/1
    46 | D:1      | Reached skill level 6 in Stealth
   191 | D:1      | Reached XP level 2. HP: 22/22 MP: 2/2
   500 | D:1      | Reached skill level 7 in Stealth
   786 | D:2      | Reached XP level 3. HP: 27/27 MP: 3/3
  1287 | D:3      | Reached XP level 4. HP: 33/33 MP: 4/4
  1365 | D:3      | Reached skill level 8 in Stealth
  1828 | D:3      | Reached XP level 5. HP: 38/38 MP: 5/5
  2481 | D:4      | Noticed an ogre
  2485 | D:4      | Noticed a lemure
  2486 | D:4      | Killed an ogre
  2487 | D:4      | Reached XP level 6. HP: 35/35 MP: 6/6
  2491 | D:4      | Noticed Pikel
  2519 | D:4      | Slain by a lemure

Illustrated notes

Levels and vault maps discovered:
D:1:      scummos_arrival_checkerplants, layout_basic
D:2:      layout_rooms
D:3:      layout_basic, serial_glass, glass_columns_b, glass_columns_b,
          item_on_display_a, feat_on_display, minmay_strange_pillars,
          st_stairs_4
D:4:      layout_rooms, uniq_pikel

Skill      XL: |  1  2  3  4 |
---------------+-------------+-----
Stealth        | 6 7 8 |  8.9
Short Blades   | 3 |  3.9
Dodging        | 2 |  2.8
Fighting       | 2 |  2.2
Throwing       | |  1.6

Action                   |  1- 3 |  4- 6 || total
-------------------------+-------+-------++-------
Melee: Dagger            |    84 |   125 ||   209
       Bite              |     8 |     7 ||    15
 Abil: Exsanguinate      |       |     1 ||     1
  Use: Scroll            |     9 |     3 ||    12
 Stab: Sleeping          |    10 |     8 ||    18
Armor: Robe              |    15 |    18 ||    33
Dodge: Dodged            |    49 |    75 ||   124

Table legend: (Time is in decaauts)
 A = Elapsed time spent in this place.
 B = Non-inter-level travel time spent in this place.
 C = Inter-level travel time spent in this place.
 D = Time resting spent in this place.
 E = Time spent auto-exploring this place.
 F = Levels seen in this place.
 G = Mean time per level.
                   A        B        C        D        E       F      G
               +--------+--------+--------+--------+--------+-----+--------+
         Total |   2486 |   2410 |     76 |    464 |   1259 |   4 |  621.5 |
       Dungeon |   2486 |   2410 |     76 |    464 |   1259 |   4 |  621.5 |
               +--------+--------+--------+--------+--------+-----+--------+

Top non-repeatable levels by time:
     D:3: 1191 daAuts
     D:1: 708 daAuts
     D:2: 533 daAuts
     D:4: 52 daAuts
